AoeStats
← Rabiscko

Lombardia

508982560Analyzed
3v3 RM · 9d ago on Sep 24, 2026· 64m 55s· 6 players
Game mode
Random Map
Map size
Normal (6 player)
Population
200
Speed
Normal
Resources
Standard
Victory
Conquest
Starting age
Dark Age
Ending age
Imperial Age
RankedLock teamsTeams togetherTeam positionsShared explorationLock speedFull tech treeHidden civsTurbo modeCheats
Victory
Defeat
🇲🇽 Varangians · Mexico
752
+5
🇵🇱 Franks · Poland
658
+8
654
+9
🇧🇷 Chinese · Brazil
666
-34
🇧🇷 Portuguese · Brazil
372
-5
🇧🇷 Persians · Brazil
358
-4
Whitespooky
15:20 Feudal Age
15:46 Double-Bit Axe
15:42 Horse Collar
16:44 Wheelbarrow
20:11 Castle Age
19:19 Gold Mining
20:30 Forging
21:16 Heavy Plow
21:56 Bow Saw
22:22 Scale Barding Armor
23:00 Stone Mining
26:08 Stone Shaft Mining
27:11 Hand Cart
30:44 Chain Barding Armor
30:37 Bloodlines
30:28 Husbandry
31:06 Caravan
31:54 Fletching
34:30 Treadmill Crane
39:41 Imperial Age
40:43 Elite Jarl
40:45 Vendel Legacy
41:46 Conscription
41:59 Capped Ram
44:22 Loom
47:48 Cavalier
47:48 Light Cavalry
48:12 Siege Ram
52:08 Two-Man Saw
53:38 Gothikon
53:46 Heavy Mounted Crossbowman
53:46 Cranequins
56:45 Plate Barding Armor
56:46 Iron Casting
56:08 Bodkin Arrow
56:14 Padded Archer Armor
56:15 Scale Mail Armor
56:28 Siege Engineers
57:25 Chemistry
56:47 Ballistics
56:41 Hussar
wafel
9:18 Feudal Age
13:12 Wheelbarrow
12:27 Double-Bit Axe
23:49 Castle Age
22:45 Arson
23:08 Scale Barding Armor
24:13 Stone Mining
24:14 Gold Mining
24:32 Husbandry
29:17 Bow Saw
34:22 Loom
36:00 Man-at-Arms
37:41 Chain Barding Armor
37:21 Scale Mail Armor
43:59 Imperial Age
41:06 Long Swordsman
41:08 Pikeman
42:04 Forging
42:10 Chain Mail Armor
42:36 Coinage
43:48 Gold Shaft Mining
43:18 Caravan
46:01 Halberdier
46:07 Halberdier
47:38 Cavalier
51:38 Paladin
54:30 Banking
54:42 Plate Mail Armor
55:02 Plate Barding Armor
57:00 Chivalry
56:21 Ordonnance Companies
57:24 Conscription
58:16 Hoardings
59:10 Forging
61:06 Squires
61:44 Iron Casting
64:58 Blast Furnace
[NGR] Uzbek traplord 1947
11:35 Feudal Age
13:52 Horse Collar
14:01 Double-Bit Axe
22:05 Castle Age
20:20 Stone Mining
22:31 Gold Mining
24:47 Husbandry
24:59 Bloodlines
26:08 Caravan
26:31 Bow Saw
26:58 Stone Shaft Mining
27:04 Stone Shaft Mining
28:07 Scale Barding Armor
29:40 Forging
30:13 Elite Skirmisher
32:38 Pikeman
33:18 Squires
36:19 Arson
39:29 Heavy Plow
41:03 Svan Towers
47:40 Imperial Age
49:58 Elite Monaspa
50:47 Aznauri Cavalry
52:49 Iron Casting
52:21 Scale Mail Armor
52:35 Capped Ram
55:08 Halberdier
57:22 Siege Ram
57:50 Light Cavalry
59:02 Chain Barding Armor
61:03 Chain Mail Armor
61:49 Blast Furnace
IIErich
9:50 Loom
12:14 Feudal Age
13:11 Double-Bit Axe
18:58 Horse Collar
22:27 Castle Age
20:51 Stone Mining
20:53 Gold Mining
22:52 Pikeman
24:54 Stone Shaft Mining
27:45 Scale Mail Armor
27:56 Forging
35:47 Imperial Age
35:21 Bow Saw
35:54 Chain Mail Armor
36:15 Iron Casting
38:05 Halberdier
40:11 Plate Mail Armor
43:52 Wheelbarrow
43:05 Town Watch
44:23 Elite Organ Gun
52:29 Two-Man Saw
56:03 Caravan
56:34 Coinage
56:15 Guilds
57:31 Arquebus
59:53 Blast Furnace
59:24 Hand Cart
59:11 Town Patrol
YBiel21
0:47 Loom
14:40 Feudal Age
19:07 Wheelbarrow
18:22 Double-Bit Axe
21:20 Gold Mining
21:22 Stone Mining
21:59 Scale Barding Armor
22:04 Forging
24:40 Castle Age
24:15 Bloodlines
25:19 Husbandry
32:48 Hand Cart
38:22 Imperial Age
38:59 Heavy Camel Rider
44:11 Gold Shaft Mining
51:05 Stone Shaft Mining
51:18 Kamandaran
52:23 Conscription
53:37 Chemistry
53:32 Iron Casting
53:18 Chain Barding Armor
61:09 Plate Barding Armor
65:25 Ballistics
Rabiscko
0:48 Loom
15:02 Feudal Age
16:46 Wheelbarrow
16:40 Horse Collar
20:37 Padded Archer Armor
28:28 Castle Age
26:44 Stone Mining
26:45 Gold Mining
30:51 Fletching
32:02 Hand Cart
32:09 Thumb Ring
33:56 Heavy Plow
33:49 Double-Bit Axe
34:42 Gold Shaft Mining
34:43 Stone Shaft Mining
35:51 Town Watch
41:20 Leather Archer Armor
41:01 Bodkin Arrow
44:31 Bloodlines
44:22 Husbandry
45:33 Town Patrol
46:45 Coinage
46:19 Caravan
50:11 Scale Barding Armor
50:18 Forging
50:09 Scale Mail Armor
52:05 Masonry
51:47 Guard Tower
51:52 Murder Holes
52:09 Fortified Wall
52:30 Ballistics
52:42 Squires
57:42 Imperial Age
58:07 Bow Saw
58:40 Arrowslits
59:31 Architecture
59:54 Arson
59:34 Elite Fire Lancer
60:47 Conscription
Connection lost

Rejoining the realm…

Still unreachable

The connection could not be restored.

Session expired

The server has moved on; the page needs a fresh start.